cohdb
Replays
Latest Replays
All Replays
Popular Replays
Top Player Replays
Match Explorer
How It Works
Community
CoH3 Stats
Reddit
Sign in to upload your games and track your stats! →
Sign in with Steam
Match 40586496
Unlisted
Match 40586496
Overview
Messages
Build Orders
End
Kradschützen Motorcycle Team
Selects Panzerjäger Kommand Battlegroup
Panzergrenadier Squad
Selects Mine Fields
Panzergrenadier Squad
Construct Light Support Kompanie
MG34 Team
Fire Support Elements
Combat Half-tracks
Flakvierling Half-track
Selects Defensive Positions
Vehicle Survival Package
Panzerjäger Mechanized Group
Selects Tank Busters
CAuMOH
Asuka top soska>З
sharpshooter
TURTLE LEONID
0
0
Comments
sign in to comment!
No comments posted yet!